 Dungeon Crawl Stone Soup version 0.29.0-13-gc9e81de378 (webtiles) character file.

Game seed: 7147462092005230441

8990 DuloT34 the Reanimator (level 11, -1/91 HPs)
             Began as a Demonspawn Necromancer on Sept 9, 2022.
             Slain by a troll (14 damage)
             ... on level 10 of the Dungeon.
             The game lasted 00:26:18 (12615 turns).

DuloT34 the Reanimator (Demonspawn Necromancer)    Turns: 12615, Time: 00:26:20

Health: -1/91      AC: -1    Str:  9    XL:     11   Next: 17%
Magic:  0/23       EV: 19    Int: 21    God:
Gold:   665        SH:  0    Dex: 13    Spells: 13/26 levels left

rFire   . . .      SeeInvis .   c - +1 dagger (drain)
rCold   . . .      Faith    .   (no shield)
rNeg    . . .      Spirit   .   a - +0 robe
rPois   .          Reflect  .   o - +0 helmet
rElec   .          Harm     .   (no cloak)
rCorr   .          Rampage  .   d - +1 pair of gloves
Will    .....                   (no boots)
Stlth   ++........              G - amulet of regeneration
HPRegen 1.05/turn               i - +4 ring of evasion
MPRegen 0.18/turn               A - +4 ring of slaying

@: corroded
A: rugged brown scales 2, spiny 1, demonic magic 1, weakness stinger 2
a: no special abilities


You were on level 10 of the Dungeon.
You visited 2 branches of the dungeon, and saw 11 of its levels.

You collected 665 gold pieces.

Inventory:

Hand Weapons
 c - a +1 dagger of draining (weapon)
Missiles
 g - 20 poisoned darts (quivered)
 y - 2 throwing nets
Armour
 a - a +0 robe (worn)
 d - a +1 pair of gloves (worn)
 o - a +0 helmet (worn)
Jewellery
 i - a +4 ring of evasion (left hand)
 t - a ring of fire
 z - a +6 ring of strength
 A - a +4 ring of slaying (right hand)
 E - an amulet of guardian spirit
 F - a +4 ring of slaying
 G - an amulet of regeneration (around neck)
 J - a ring of poison resistance
Wands
 r - a wand of flame (32)
 u - a wand of light (2)
 C - a wand of roots (19)
 M - a wand of polymorph (4)
Scrolls
 e - 3 scrolls of blinking
 h - 3 scrolls of enchant armour
 j - a scroll of fear
 l - a scroll of magic mapping
 q - 2 scrolls of noise
 s - 3 scrolls of identify
 v - 5 scrolls of amnesia
 w - 7 scrolls of teleportation
 x - a scroll of summoning
 B - a scroll of vulnerability
 D - a scroll of brand weapon
 L - 2 scrolls of enchant weapon
Potions
 b - 2 potions of magic
 f - 3 potions of curing
 k - 2 potions of flight
 m - 2 potions of might
 n - 2 potions of ambrosia
 p - 3 potions of haste
 H - a potion of berserk rage {unknown}
 K - a potion of heal wounds {unknown}
Miscellaneous
 I - a phantom mirror


   Skills:
 + Level 8.7 Fighting
 + Level 8.2 Dodging
 - Level 1.7 Stealth
 + Level 8.3 Spellcasting
 + Level 10.6 Necromancy


You had 13 spell levels left.
You knew the following spells:

 Your Spells              Type           Power      Damage    Failure   Level
a - Necrotise             Necr           100%       1d9       1%          1
b - Vampiric Draining     Necr           52%        2d9       1%          3
c - Animate Dead          Necr           52%        N/A       1%          4
d - Agony                 Necr           52%        N/A       2%          5

Your spell library contained the following spells:

 Spells                   Type           Power      Damage    Failure   Level
 Haunt                    Necr/Summ      15%        N/A       100%        7
 Infestation              Necr           26%        N/A       100%        8


Dungeon Overview and Level Annotations

Branches:
Dungeon (10/15)            Temple (1/1) D:6            Lair (0/5) D:8
    Orc (0/2) D:10

Altars:
Ashenzari
Cheibriados
Dithmenos
Fedhas
Gozag
Hepliaklqana
Makhleb
Nemelex Xobeh
Okawaru
Qazlal
Ru
Sif Muna
Trog
Uskayaw
Vehumet
Wu Jian
Xom
Yredelemnul

Shops:
D:2 (

Annotations:
D:1 2 transporters
D:3 exclusion: downstairs
D:4 2 transporters
D:7 1 runed translucent door, Crazy Yiuf


Innate Abilities, Weirdness & Mutations

You are mostly covered in rugged brown scales. (AC +2, +5% HP)
You are partially covered in sharp spines.
Spells you cast may paralyse adjacent enemies.
You have a tail ending in a sharp stinger.


Message History

There is an open door, spattered with blood here.
Items here: ))))) [[.
You hit the centaur but do no damage.
The centaur is heavily wounded.
The centaur barely misses you. The centaur completely misses you.
You hit the centaur but do no damage.
The centaur is heavily wounded.
The centaur is struck by your spines. The centaur misses you.
The centaur barely misses you. The centaur is struck by your spines.
The centaur misses you. x2
You hit the centaur but do no damage. You tail-slap the centaur.
The centaur is severely wounded.
The centaur barely misses you. The centaur kicks you.
You barely miss the centaur.
The centaur is severely wounded.
The centaur misses you. x2; The centaur is struck by your spines.
The centaur hits you. The centaur misses you.
You hit the centaur but do no damage. You drain the centaur.
Your tail-slap misses the centaur.
The centaur is almost dead.
The centaur hits you. The centaur misses you.
The troll is struck by your spines. The troll barely misses you.
The troll closely misses you. The troll claws you!
You barely miss the centaur.
The centaur is almost dead.
The centaur is struck by your spines.
You kill the centaur!
The troll misses you. The troll claws you!
* * * LOW HITPOINT WARNING * * *
The troll completely misses you.
Casting: Vampiric Draining (safe; 1% risk of failure)
Confirm with . or Enter, or press ? or * to list all spells.
Aiming: Vampiric Draining (safe; 1% risk of failure)
Press: ? - help, Shift-Dir - straight line, f - troll
Aim: a troll (lightly wounded, ally target)
You draw life force from the troll!
You feel life coursing into your body! Malevolent energies surge around you.
The troll bites you!
* * * LOW HITPOINT WARNING * * *
The troll claws you!
You die...

##...#...################
...#.....#.#...(##.##..#.
................#........
........##............##.
................##....#.#
..................#...#..
.........>....#......)...
.......T))..####....##...
########@##..##......#..#
...#####ZZ)#..#.<....#####
.8.....))8.##........#
...#####)..##......###
#'####.......# ..#
#.....### #.>. #...... #.$
##..... #'## ......


You could see a troll (ally target), a friendly killer bee zombie and a friendly
two-headed ogre zombie.

Vanquished Creatures
  2 two-headed ogres
  2 trolls
  A shadow (D:6)
  A wyvern (D:8)
  Sigmund (D:4)
  7 yaks
  4 hogs (D:8)
  A human (D:8)
  2 steam dragons
  Edmund (D:4)
  An acid dragon (D:10)
  3 swamp worms (D:7)
  3 water moccasins
  2 black bears
  An orc warrior (D:10)
  2 ice beasts
  2 sky beasts
  4 centaurs
  4 wolves (D:8)
  2 kobold brigands
  A phantom (D:6)
  3 scorpions (D:6)
  A gnoll sergeant (D:8)
  2 bullfrogs
  4 necrophages
  3 wights (D:8)
  3 killer bees
  2 electric eels (D:8)
  A gnoll bouda (D:6)
  6 hounds
  4 orc priests
  5 iguanas
  Ijyb (D:3)
  10 orc wizards
  Robin (D:3)
  13 gnolls
  8 adders
  2 shadow imps
  2 white imps
  4 ufetubi
  2 worms
  2 dart slugs
  32 orcs
  6 endoplasms
  A giant cockroach (D:2)
  9 goblins
  11 hobgoblins
  3 jackals (D:4)
  12 kobolds
  5 quokkas
  8 ball pythons
  6 bats
  2 frilled lizards (D:1)
  8 rats
229 creatures vanquished.

Vanquished Creatures (collateral kills)
  A steam dragon (D:9)
  A wight (D:8)
  4 killer bees
  An orc priest (D:10)
  2 orc wizards (D:10)
  5 orcs
  A ball python (D:1)
  A goblin (D:3)
  2 kobolds
18 creatures vanquished.

Vanquished Creatures (others)
  A hog zombie (D:8)
  A troll zombie (D:8)
  A wolf zombie (D:8)
  A killer bee zombie (D:10)
  3 hound zombies (D:8)
  An orc (D:6)
  3 gnoll zombies (D:8)
  3 kobold zombies
  13 orc zombies (D:10)
  3 fungi (D:3)
  8 plants
38 creatures vanquished.

Grand Total: 285 creatures vanquished

Notes
Turn   | Place    | Note
-------+----------+-------------------------------------------
     0 | D:1      | DuloT34 the Demonspawn Necromancer began the quest for the
                  | Orb.
     0 | D:1      | Reached XP level 1. HP: 13/13 MP: 3/3
   238 | D:1      | Gained mutation: You are partially covered in rugged brown
                  | scales. (AC +1, +3% HP) [demonic ancestry]
   238 | D:1      | Reached XP level 2. HP: 11/20 MP: 0/5
   957 | D:2      | Found a burning altar of Makhleb.
  1073 | D:2      | Reached skill level 1 in Fighting
  1073 | D:2      | Reached XP level 3. HP: 26/26 MP: 3/6
  1136 | D:2      | Learned a level 3 spell: Vampiric Draining
  1307 | D:2      | Found Saanecso's Antique Weapon Emporium.
  1988 | D:2      | Reached XP level 4. HP: 15/32 MP: 0/8
  2394 | D:3      | Reached skill level 5 in Necromancy
  2591 | D:3      | Noticed Robin
  2671 | D:3      | Killed Robin
  2879 | D:3      | Noticed an ice beast
  2899 | D:3      | Killed an ice beast
  2900 | D:3      | Gained mutation: You are partially covered in sharp spines.
                  | [demonic ancestry]
  2900 | D:3      | Reached XP level 5. HP: 17/40 MP: 1/9
  3098 | D:3      | Found a faded altar of an unknown god.
  3899 | D:3      | Noticed Ijyb
  3910 | D:3      | Killed Ijyb
  4260 | D:4      | Noticed Sigmund
  4317 | D:4      | Found a transporter.
  4317 | D:4      | Noticed an ice beast
  4320 | D:4      | Reached XP level 6. HP: 47/47 MP: 3/11
  4499 | D:4      | Noticed Edmund
  4523 | D:4      | Killed Edmund
  4755 | D:4      | Killed Sigmund
  4756 | D:4      | Reached skill level 6 in Necromancy
  4756 | D:4      | Gained mutation: Spells you cast may paralyse adjacent
                  | enemies. [demonic ancestry]
  4756 | D:4      | Reached XP level 7. HP: 47/53 MP: 6/12
  4785 | D:4      | Found a transporter.
  5053 | D:4      | Found a faded altar of an unknown god.
  5053 | D:4      | Found an ornate altar of the Wu Jian Council.
  5061 | D:4      | Found a bloodstained altar of Trog.
  5064 | D:4      | Found a snail-covered altar of Cheibriados.
  5066 | D:4      | Found a stormy altar of Qazlal.
  5469 | D:5      | Entered Level 5 of the Dungeon
  6049 | D:5      | Reached XP level 8. HP: 62/62 MP: 7/15
  6437 | D:5      | Found a blossoming altar of Fedhas.
  6761 | D:5      | Learned a level 4 spell: Animate Dead
  6767 | D:5      | Learned a level 5 spell: Agony
  7313 | D:6      | Reached skill level 5 in Spellcasting
  7313 | D:6      | Reached skill level 7 in Necromancy
  7325 | D:6      | Reached skill level 5 in Dodging
  7725 | D:6      | Reached skill level 5 in Fighting
  8160 | D:6      | Gained mutation: You have a small tail. [demonic ancestry]
  8160 | D:6      | Reached XP level 9. HP: 65/70 MP: 17/17
  8443 | D:6      | Reached skill level 8 in Necromancy
  8827 | D:6      | Found a staircase to the Ecumenical Temple.
  8836 | Temple   | Entered the Ecumenical Temple
  9742 | D:7      | Found a runed translucent door.
  9743 | D:7      | Noticed Crazy Yiuf
 10155 | D:8      | Reached skill level 9 in Necromancy
 10341 | D:8      | Gained mutation: You have a tail ending in a sharp stinger.
                  | [demonic ancestry]
 10341 | D:8      | Reached XP level 10. HP: 68/81 MP: 15/20
 10486 | D:8      | Found an iron altar of Okawaru.
 10495 | D:8      | Found a shadowy altar of Dithmenos.
 10729 | D:8      | Found a staircase to the Lair.
 11070 | D:9      | Noticed a two-headed ogre
 11471 | D:9      | Reached skill level 10 in Necromancy
 12279 | D:9      | Killed a two-headed ogre
 12280 | D:9      | Gained mutation: You are mostly covered in rugged brown
                  | scales. (AC +2, +5% HP) [demonic ancestry]
 12280 | D:9      | Reached XP level 11. HP: 73/91 MP: 4/23
 12520 | D:10     | Entered Level 10 of the Dungeon
 12565 | D:10     | Noticed a two-headed ogre
 12578 | D:10     | Killed a two-headed ogre
 12584 | D:10     | Found a staircase to the Orcish Mines.
 12615 | D:10     | Slain by a troll

Illustrated notes

Levels and vault maps discovered:
D:1:      spicycebolla_arrival_transporter_tutorial, layout_basic,
          bh_walls_and_bars
D:2:      layout_basic, serial_shops, shop, basic_altar
D:3:      layout_basic, shapermc_ecumenical_altar_mp_ritualfount, uniq_ijyb,
          uniq_robin
D:4:      gammafunk_cloud_chamber, layout_rooms, mainiacjoe_overflow_24_doors,
          chequers_temple_overflow_minitemple, uniq_sigmund, uniq_edmund
D:5:      layout_basic, mainiacjoe_overflow_cross_hatched, serial_glass,
          glass_columns_a, glass_columns_a, glass_columns_b, glass_columns_a,
          glass_columns_b, glass_columns_a, minmay_fractal_squares_diagonal_5
D:6:      minmay_razor_zed, layout_basic, temple_hall, minmay_microvault
D:7:      layout_gridville, worms_lemuel, uniq_crazy_yiuf_cottage
D:8:      layout_rooms, mainiacjoe_overflow_swirl, erik_lair_island,
          st_stairs_8, hangedman_abyss_or_decor_lesser_grid, grunt_livestock
D:9:      layout_layer_cave
D:10:     layout_cave_pools, lemuel_round_altar, hiddenorc2_lemuel,
          nooodl_orcs_dogs, uniq_grum
Temple:   nicolae_temple_bog_church

Skill      XL: |  1  2  3  4  5  6  7  8  9 10 |
---------------+-------------------------------+-----
Dodging        | 2 3 4 5 6 8 |  8.2
Fighting       | 1 2 3 4 5 7 8 |  8.7
Necromancy     | 5 6 7 9 10 | 10.6
Spellcasting   | 3 4 5 6 8 |  8.3
Stealth        | |  1.7

Action                   |  1- 3 |  4- 6 |  7- 9 | 10-12 || total
-------------------------+-------+-------+-------+-------++-------
Melee: Unarmed           |     6 |       |       |       ||     6
       Dagger            |    40 |    23 |   206 |   170 ||   439
       Tailslap          |       |       |    19 |    29 ||    48
       Punch             |       |       |     1 |     3 ||     4
Throw: Dart              |       |    12 |       |       ||    12
 Cast: Necrotise         |    52 |    43 |    51 |     2 ||   148
       Vampiric Draining |     1 |    15 |    46 |    43 ||   105
       Animate Dead      |       |       |     3 |     5 ||     8
Evoke: Wand              |       |     4 |     8 |       ||    12
  Use: Scroll            |     6 |       |    13 |       ||    19
       Potion            |       |       |     2 |       ||     2
 Stab: Paralysed         |       |       |    24 |    18 ||    42
       Sleeping          |       |       |     1 |     1 ||     2
Armor: Robe              |     7 |     6 |    37 |    17 ||    67
Dodge: Dodged            |    37 |    38 |   179 |   208 ||   462
